AoeStats
← rabbit o sea conejo

Nomad

510235143Analyzed
4v4 RM · 17h ago on Sep 30, 2026· 49m 16s· 8 players
Game mode
Random Map
Map size
231×231
Population
200
Speed
Normal
Resources
Standard
Victory
Conquest
Starting age
Dark Age
Ending age
Imperial Age
RankedLock teamsTeams togetherTeam positionsShared explorationLock speedFull tech treeHidden civsTurbo modeCheats
Victory
Defeat
🇧🇷 Wu · Brazil
1301
+12
🇧🇷 Mongols · Brazil
1288
+12
🇧🇷 Sicilians · Brazil
1184
+16
🇧🇷 Vikings · Brazil
1144
+18
🇦🇷 Teutons · Argentina
1230
-16
🇦🇷 Mongols · Argentina
1209
-15
🇦🇷 Magyars · Argentina
1194
-14
🇧🇷 Japanese · Brazil
1160
-13
Maxi24875
2:52 Loom
13:38 Feudal Age
12:39 Loom
18:29 Castle Age
22:40 Fletching
27:52 Padded Archer Armor
43:18 Double-Bit Axe
45:24 Bodkin Arrow
48:18 Horse Collar
49:37 Wheelbarrow
rNy-
3:33 Loom
16:46 Feudal Age
17:46 Double-Bit Axe
21:17 Castle Age
19:14 Stone Mining
19:29 Fishing Lines
23:08 Bow Saw
22:41 Horse Collar
25:22 Scale Mail Armor
26:32 Forging
27:08 Arson
27:16 Gambesons
28:25 Squires
35:04 Imperial Age
33:56 Heavy Plow
35:27 Fletching
36:52 Wheelbarrow
36:42 Conscription
42:03 Bodkin Arrow
MateoargeAOE
15:39 Feudal Age
19:56 Castle Age
19:28 Double-Bit Axe
27:02 Wheelbarrow
37:44 Gold Mining
38:34 Scale Barding Armor
40:02 Bloodlines
42:42 Horse Collar
43:06 Husbandry
47:49 Elite Skirmisher
49:32 Chain Barding Armor
rabbit o sea conejo
3:44 Loom
14:29 Feudal Age
15:12 Double-Bit Axe
18:11 Gold Mining
18:44 Man-at-Arms
26:06 Scale Mail Armor
26:16 Forging
29:03 Castle Age
28:26 Horse Collar
28:38 Stone Mining
30:58 Wheelbarrow
32:35 Bow Saw
32:25 Heavy Plow
32:50 Chain Mail Armor
33:10 Iron Casting
35:12 Elite Skirmisher
36:16 Fletching
36:48 Padded Archer Armor
37:56 Ballistics
39:03 Leather Archer Armor
38:49 Bodkin Arrow
44:19 Imperial Age
45:50 Hand Cart
47:18 Chemistry
49:19 Blast Furnace
DKT | BRESSAN
10:04 Loom
14:50 Feudal Age
23:38 Castle Age
36:52 Crossbowman
38:40 Double-Bit Axe
38:52 Fletching
38:57 Horse Collar
40:01 Gold Mining
42:50 Bow Saw
43:19 Gold Shaft Mining
42:35 Stone Mining
43:10 Bodkin Arrow
45:45 Padded Archer Armor
47:29 Leather Archer Armor
47:50 Ballistics
DKT | Ragnarr
6:17 Loom
15:29 Feudal Age
20:49 Fletching
23:35 Castle Age
23:36 Horse Collar
23:44 Double-Bit Axe
24:14 Forging
24:05 Scale Mail Armor
24:45 Bow Saw
26:41 Squires
26:27 Arson
28:27 Iron Casting
30:32 Heavy Plow
30:51 Chain Mail Armor
31:43 Bodkin Arrow
32:10 Padded Archer Armor
32:55 Wheelbarrow
33:12 Medium Warships
32:45 Fishing Lines
33:22 Stone Mining
33:25 Gold Mining
34:59 Crossbowman
39:35 Imperial Age
39:00 Ballistics
38:53 Masonry
39:50 Leather Archer Armor
39:42 Arbalester
40:23 Bracer
41:37 Chemistry
42:12 Plate Mail Armor
43:49 Blast Furnace
42:49 Elite Serjeant
45:59 Siege Engineers
46:44 Crop Rotation
47:22 Conscription
48:48 Murder Holes
48:41 Arrowslits
chael
3:49 Loom
15:57 Feudal Age
19:41 Castle Age
19:41 Bloodlines
20:00 Light Cavalry
28:29 Wheelbarrow
31:35 Fletching
32:05 Husbandry
33:27 Bodkin Arrow
33:33 Padded Archer Armor
36:24 Double-Bit Axe
36:50 Gold Mining
37:40 Bow Saw
42:28 Imperial Age
44:38 Hussar
Johncarter
2:59 Loom
13:16 Feudal Age
18:29 Castle Age
16:55 Double-Bit Axe
17:31 Horse Collar
18:15 Gold Mining
19:53 Squires
21:09 Bow Saw
23:53 Scale Mail Armor
25:45 Forging
27:34 Wheelbarrow
29:11 Man-at-Arms
30:31 Arson
30:26 Pikeman
32:23 Chain Mail Armor
32:57 Heavy Plow
33:38 Fishing Lines
34:54 Gold Shaft Mining
34:09 Stone Mining
34:45 Fletching
39:01 Imperial Age
37:18 Hand Cart
37:14 Bodkin Arrow
38:32 Padded Archer Armor
38:36 Town Watch
38:38 Long Swordsman
40:19 Halberdier
40:48 Two-Handed Swordsman
41:56 Conscription
44:16 Sitting Tiger
44:19 Red Cliffs Tactics
44:44 Ballistics
45:24 Chemistry
46:28 Plate Mail Armor
47:27 Elite Fire Archer
49:05 Leather Archer Armor
Connection lost

Rejoining the realm…

Still unreachable

The connection could not be restored.

Session expired

The server has moved on; the page needs a fresh start.